 Dungeon Crawl Stone Soup version 0.24.1-11-gbbbb2193e6 (webtiles) character file.

Game seed: 1767003990860918262, levelgen mode: deterministic

67 Peloso the Skirmisher (level 4, 35/35 HPs)
             Began as a Demonspawn Fighter on May 12, 2020.
             Got out of the dungeon alive.
             The game lasted 00:02:37 (1824 turns).

Peloso the Skirmisher (Demonspawn Fighter)          Turns: 1824, Time: 00:02:37

Health: 35/35      AC:  6    Str: 17    XL:     4   Next: 0%
Magic:  4/4        EV:  7    Int:  9    God:
Gold:   86         SH:  9    Dex: 13    Spells: 3/3 levels left

rFire    x . .     SeeInvis .   a - +0 long sword
rCold    + . .     Gourm    .   c - +0 shield
rNeg     . . .     Faith    .   b - +0 scale mail
rPois    .         Spirit   .   (helmet restricted)
rElec    .         Reflect  .   (no cloak)
rCorr    .         Harm     .   (no gloves)
MR       .....                  (no boots)
Stlth    ..........             j - amulet of magic regeneration
HPRegen  0.11/turn              m - ring of ice
MPRegen  0.34/turn              (no ring)

@: no status effects
A: antennae 1, powered by death 1
a: no special abilities


You escaped.
You were very hungry.

You visited 1 branch of the dungeon, and saw 2 of its levels.

You collected 86 gold pieces.

Inventory:

Hand Weapons
 a - a +0 long sword (weapon)
Armour
 b - a +0 scale mail (worn)
 c - a +0 shield (worn)
Jewellery
 j - an amulet of magic regeneration (around neck)
 m - a ring of ice (left hand)
Scrolls
 e - 3 scrolls of identify {unknown}
 g - a scroll of amnesia {unknown}
 h - 4 scrolls of noise {unknown}
 k - a scroll of remove curse {unknown}
 n - a scroll of enchant armour {unknown}
Potions
 d - a potion of might
 i - a potion of cancellation {unknown}
 l - a potion of lignification {unknown}
 o - a potion of mutation {unknown}
Comestibles
 f - 3 rations


   Skills:
 + Level 3.3 Fighting
 + Level 2.6 Long Blades
 + Level 3.2 Armour
 + Level 1.0 Dodging
 + Level 3.0 Shields


You had 3 spell levels left.
You didn't know any spells.
Your spell library was empty.

Dungeon Overview and Level Annotations

Branches:
Dungeon (2/15)

Altars:
Fedhas


Innate Abilities, Weirdness & Mutations

You have a pair of small antennae on your head.
You regenerate a little health from kills.


Message History

You completely miss the hobgoblin.
The hobgoblin is almost dead.
The hobgoblin hits you with a +0 club.
You hit the hobgoblin.
You kill the hobgoblin!
You have reached level 4!
You feel agile.
Your demonic ancestry asserts itself...
A pair of antennae grows on your head!
(D) Dungeon
Where to? (Enter - D:12, ? - help)
What level of the Dungeon? (default 1, ? - help)
There is a blossoming altar of Fedhas here.
There is a stone staircase leading up here.
You climb upwards.
There is a stone staircase leading down here.
You see here a +0 club.
There is an open door here.
There is a staircase leading out of the dungeon here.
Are you sure you want to leave the Dungeon?
This will make you lose the game!
You have escaped!

#...# ####### #
#...#########.....#######
#...##.....##...#........
##..##.....##.≈.#........
##..##.....##.≈.#........
#...##.....'..≈.#........
######.....##.≈.#........
#.....##...#........
#..@..##...#........
#.....##.8.#########
########...# #
#############
############..........
#..)........>.........
#.####################
#.# ###########
#.##########.........#


There were no monsters in sight!

Vanquished Creatures
  3 adders
  A dart slug (D:1)
  2 giant cockroaches
  7 goblins
  9 hobgoblins
  A ball python (D:1)
  6 bats
  A frilled lizard (D:1)
  4 kobolds
  3 rats
  2 fungi (D:2)
39 creatures vanquished.

Notes
Turn   | Place    | Note
-------+----------+-------------------------------------------
     0 | D:1      | Peloso the Demonspawn Fighter began the quest for the Orb.
     0 | D:1      | Reached XP level 1. HP: 18/18 MP: 1/1
   321 | D:1      | Gained mutation: You regenerate a little health from kills.
                  | [demonic ancestry]
   321 | D:1      | Reached XP level 2. HP: 15/24 MP: 2/2
  1183 | D:2      | Found a blossoming altar of Fedhas.
  1192 | D:1      | Reached XP level 3. HP: 23/29 MP: 3/3
  1626 | D:2      | Reached skill level 1 in Dodging
  1747 | D:2      | Gained mutation: You have a pair of small antennae on your
                  | head. [demonic ancestry]
  1747 | D:2      | Reached XP level 4. HP: 31/35 MP: 4/4
  1824 | D:$      | Got out of the dungeon alive.

Levels and vault maps discovered:
D:1:      dpeg_arrival_rooms_c, layout_basic, minmay_ruptured
D:2:      layout_loops_cross, first_ration, minmay_misc_feat_rugged,
          fedhas_altar_3

Skill      XL: |  1  2  3 |
---------------+----------+-----
Armour         | 3 |  3.2
Long Blades    | 2 |  2.6
Dodging        | 1 |  1.0
Shields        | 3 |  3.0
Fighting       | |  3.3

Action                   |  1- 3 |  4- 6 || total
-------------------------+-------+-------++-------
Melee: Long sword        |   162 |       ||   162
  Eat: Chunk             |     2 |       ||     2
Armor: Scale mail        |    88 |       ||    88
Dodge: Dodged            |    56 |       ||    56
Block: Shield            |    99 |       ||    99
       Rpst.: Long sword |    17 |       ||    17
